 Dungeon Crawl Stone Soup version 0.28.0-49-g6dfe1f597d (webtiles) character file.

Game seed: 4068088054740631255

44 Zeld the Digger (level 3, -2/20 HPs)
             Began as a Gargoyle Earth Elementalist on May 15, 2022.
             Killed from afar by a white imp (13 damage)
             ... with a puff of frost
             ... summoned by Natasha
             ... on level 3 of the Dungeon.
             The game lasted 00:02:29 (2019 turns).

Zeld the Digger (Gargoyle Earth Elementalist)       Turns: 2019, Time: 00:02:29

Health: -2/20      AC:  6    Str: 11    XL:     3   Next: 60%
Magic:  1/6        EV: 12    Int: 17    God:
Gold:   121        SH:  0    Dex: 10    Spells: 0/6 levels left

rFire   . . .      SeeInvis .   (no weapon)
rCold   . . .      Faith    .   (no shield)
rNeg    + . .      Spirit   .   b - +0 robe
rPois   ∞          Reflect  .   (no helmet)
rElec   +          Harm     .   (no cloak)
rCorr   .          Rampage  .   d - +0 pair of gloves
Will    .....                   (no boots)
Stlth   ++........              (no amulet)
HPRegen 0.06/turn               (no ring)
MPRegen 0.10/turn               (no ring)

@: slowed, very slow
A: sickness immunity, AC +3, negative energy resistance 1, electricity
resistance, torment resistance 1, petrification resistance
a: no special abilities


You were on level 3 of the Dungeon.
You visited 1 branch of the dungeon, and saw 3 of its levels.

You collected 121 gold pieces.

Inventory:

Missiles
 c - 27 stones
Armour
 b - a +0 robe (worn)
 d - a +0 pair of gloves (worn)
Scrolls
 e - 2 scrolls of teleportation {unknown}
 g - a scroll of brand weapon {unknown}
 h - 2 scrolls of identify {unknown}
 i - a scroll of immolation {unknown}
 m - a scroll of fog {unknown}
 n - 2 scrolls of silence {unknown}
Potions
 a - a potion of mutation {unknown}
 f - a potion of brilliance {unknown}
 j - a potion of haste {unknown}
 k - 2 potions of heal wounds {unknown}
 l - a potion of curing


   Skills:
 * Level 1.1 Fighting
 * Level 1.2 Armour
 + Level 1.8 Dodging
 + Level 2.3 Stealth
 * Level 2.4 Spellcasting
 - Level 1.0 Transmutations
 * Level 4.0 Earth Magic


You couldn't memorise any spells.
You knew the following spells:

 Your Spells              Type           Power      Damage    Failure   Level
a - Sandblast             Erth           30%        2d9       3%          1
b - Passwall              Tmut/Erth      8%         N/A       10%         2
c - Stone Arrow           Conj/Erth      16%        3d8       24%         3

Your spell library contained the following spells:

 Spells                   Type           Power      Damage    Failure   Level
 Ozocubu's Armour         Ice            2%         N/A       50%         3
 Petrify                  Tmut/Erth      10%        N/A       54%         4
 Metabolic Englaciation   Hex/Ice        1%         N/A       99%         5
 Simulacrum               Ice/Necr       1%         N/A       100%        6


Dungeon Overview and Level Annotations

Branches:
Dungeon (3/15)

Altars:

Annotations:
D:3 Natasha


Innate Abilities, Weirdness & Mutations

You are immune to sickness and miasma.
Your stone body is resilient. (AC +3)
You are immune to poison.
You resist negative energy. (rN+)
You are resistant to electric shocks. (rElec)
You are resistant to unholy torment.
You are immune to petrification.


Message History

Casting: Sandblast (safe; 3% risk of failure)
Confirm with . or Enter, or press ? or * to list all spells.
You don't have enough magic to cast this spell.
Unknown command.
There is an open door here.
Your magical contamination has completely faded away.
Natasha closely misses you. Natasha casts a spell at you.
You feel yourself slow down.
Casting: Sandblast (safe; 3% risk of failure)
Confirm with . or Enter, or press ? or * to list all spells.
Aiming: Sandblast (safe; 3% risk of failure)
Press: ? - help, Shift-Dir - straight line, f/p - Natasha
Aim: Natasha (lightly wounded, 74% to hit)
The blast of sand hits Natasha!
Natasha is severely wounded.
c - 27 stones Natasha claws you.
Natasha howls an incantation.
Natasha shimmers violently.
Natasha stares at you and mumbles some strange words.
You resist with significant effort. Natasha completely misses you.
Natasha casts a spell.
Natasha stares at you and mumbles some strange words.
You feel as though you will be slow longer.
The shadow imp grins evilly.
Natasha mumbles some strange words.
Casting: Sandblast (safe; 3% risk of failure)
Confirm with . or Enter, or press ? or * to list all spells.
Aiming: Sandblast (safe; 3% risk of failure)
Press: ? - help, Shift-Dir - straight line, f/p - Natasha
Aim: Natasha (severely wounded, 74% to hit)
Okay, then.
Natasha casts a spell.
The white imp gestures at you. The puff of frost hits you.
The white imp gestures at you. The puff of frost hits you!
Ouch! That really hurt!
You die...

.......##....##.#
#.# .......
#....##5# #.#
....... #....##5#
#.# .......
#....##.# #.#
....... #....##h#
#.# ...[...
#....##5# #.#
....... #....##.#
#.# #######.# #.#
#@#######.###
#...........#
#########.#.#
#...#.# #.###.#
#.....# #######


You could see Natasha, a white imp (summoned) and 2 shadow imps.

Vanquished Creatures
  A worm (D:2)
  A dart slug (D:1)
  3 bats
  2 endoplasms
  3 giant cockroaches
  4 goblins
  4 hobgoblins (D:1)
  2 quokkas
  5 ball pythons (D:1)
  2 frilled lizards (D:1)
  4 kobolds
  5 rats
36 creatures vanquished.

Notes
Turn   | Place    | Note
-------+----------+-------------------------------------------
     0 | D:1      | Zeld the Gargoyle Earth Elementalist began the quest for
                  | the Orb.
     0 | D:1      | Reached XP level 1. HP: 10/10 MP: 3/3
   184 | D:1      | Reached skill level 1 in Transmutations
   296 | D:1      | Reached XP level 2. HP: 16/16 MP: 3/5
   299 | D:1      | Learned a level 2 spell: Passwall
   934 | D:1      | Reached skill level 1 in Armour
   958 | D:1      | Found a faded altar of an unknown god.
   961 | D:1      | Reached XP level 3. HP: 20/20 MP: 4/6
   965 | D:1      | Learned a level 3 spell: Stone Arrow
  1289 | D:2      | Reached skill level 4 in Earth Magic
  1331 | D:2      | Reached skill level 1 in Fighting
  1994 | D:3      | Noticed Natasha
  2019 | D:3      | Killed from afar by a white imp

Illustrated notes

Levels and vault maps discovered:
D:1:      co_arrival_square_in_a_square_in_a_square, layout_loops_corners,
          shapermc_ecumenical_altar_ellora, fountainhead
D:2:      layout_rooms, st_stairs_6
D:3:      layout_basic, slow_altar_1, gammafunk_ghost_stat_death,
          kennysheep_small_spiral, hangedman_decor_lopped, uniq_jessica,
          uniq_terence, uniq_natasha

Skill      XL: |  1  2  3 |
---------------+----------+-----
Transmutations | 1 |  1.0
Armour         | 1 |  1.2
Earth Magic    | 4 |  4.0
Fighting       | 1 |  1.1
Dodging        | |  1.8
Stealth        | |  2.3
Spellcasting   | |  2.4

Action                   || total
-------------------------++-------
Melee: Unarmed           ||     7
 Cast: Sandblast         ||    57
 Stab: Sleeping          ||     1
Armor: Robe              ||    14
Dodge: Dodged            ||    17
